cohdb
Replays
Latest Replays
All Replays
Popular Replays
Top Player Replays
Match Explorer
How It Works
Community
CoH3 Stats
Reddit
Sign in to upload your games and track your stats! →
Sign in with Steam
Match 45849593
Unlisted
Match 45849593
Overview
Messages
Build Orders
End
Selects Panzerjäger Kommand Battlegroup
Selects Mine Fields
Panzergrenadier Squad
Panzergrenadier Squad
Kradschützen Motorcycle Team
Construct Light Support Kompanie
Fire Support Elements
Panzerjäger Squad
Assault Mechanized Group
Selects Defensive Positions
Veteran Squad Leaders
Vehicle Survival Package
Flakvierling Half-track
2.5-tonne Medical Truck
Pak 38 Mechanized Group
Construct Panzerarmee Kommand
Selects Butterfly Bomb Drop
Selects Tank Busters
Butterfly Bomb Drop
Walking Stuka Rocket Launcher
Panzerjäger Squad
Panzerjäger Mechanized Group
Butterfly Bomb Drop
Selects Crew Shock Tactics
Agerjag
1-1-1
Mr. AAAAAAYYYle
청정수
Dream Migi
Scamp
JVM
tweaky
0
0
Comments
sign in to comment!
No comments posted yet!